WCHLSIM.com - West Coast Hockey League
html PUBLIC "-//W3C//DTD XHTML 1.0 Transitional//EN" "http://www.w3.org/TR/xhtml1/DTD/xhtml1-transitional.dtd"> WCHL - Game 35 - COLORADO GLACIERCATS vs SAN DIEGO THUNDER

COLORADO GLACIERCATS vs SAN DIEGO THUNDER

Created - 7 octobre 2019 at 21:33

Goals
1 2 3 OT1 T
COLORADO GLACIERCATS 0 3 1 0 4
SAN DIEGO THUNDER 2 1 1 1 5
Shots
1 2 3 OT1 T
COLORADO GLACIERCATS 8 10 9 1 28
SAN DIEGO THUNDER 15 4 7 2 28

1st period

1. SAN DIEGO THUNDER , Nikita Kucherov 3 (Evander Kane 1, Bo Horvat 2) at 1:40
2. SAN DIEGO THUNDER , Dominik Kahun 1 (Jared McCann 1, Jean-Gabriel Pageau 1) at 12:53

Penalties :
No Penalty

2nd period

3. COLORADO GLACIERCATS , Artemi Panarin 3 (Shea Weber 1, John Klingberg 2) at 3:49
4. COLORADO GLACIERCATS , Carl Hagelin 1 (Jay Beagle 1) at 6:33
5. SAN DIEGO THUNDER , Nikita Kucherov 4 (Pierre-Edouard Bellemare 1) at 10:04
6. COLORADO GLACIERCATS , Artemi Panarin 4 (Paul Byron 2) at 11:06

Penalties :
No Penalty

3rd period

7. COLORADO GLACIERCATS , Patrice Bergeron 3 (Artemi Panarin 5, Ryan Ellis 3) at 3:55 (PP)
8. SAN DIEGO THUNDER , Radko Gudas 1 (Nikita Kucherov 3, Dominik Kahun 1) at 19:08

Penalties :
Jared McCann (SDG) for Cross-checking (Minor) at 3:21, Ilya Lyubushkin (COL) for Cross-checking (Minor) at 10:45, Shea Weber (COL) for Hooking (Minor) at 16:34

Overtime #1

9. SAN DIEGO THUNDER , Evander Kane 2 (Bo Horvat 3, Charles McAvoy 2) at 3:12

Penalties :
No Penalty

Goalie Stats

Pekka Rinne (COL), 23 saves from 28 shots - (0,821), OTL, 2-0-1, 63:13 minutes
Connor Hellebuyck (SDG), 24 saves from 28 shots - (0,857), W, 2-1-0, 62:09 minutes

Players Stats for COLORADO GLACIERCATS

Player Name              G  A  P  +/- PIM S  H  SB GA TA FO     MP     PP MP  PK MP  
------------------------------------------------------------------------------------
Artemi Panarin           2  1  3   1  0   4  0  0  0  0  0/0    20:07   0:34   0:03 
Ben Lovejoy              0  0  0   1  0   0  0  1  0  0  0/0    18:18   0:00   1:23 
Carl Hagelin             1  0  1   0  0   4  0  0  0  0  1/1    16:13   0:00   0:00 
Devin Shore              0  0  0  -2  0   2  1  0  0  0  0/0    18:58   0:00   1:43 
Ilya Lyubushkin          0  0  0   1  2   1  3  0  0  0  0/0    14:16   0:00   0:00 
Jay Beagle               0  1  1   1  0   0  1  0  0  0  8/18   17:16   0:00   2:12 
Joe Pavelski             0  0  0  -3  0   3  1  2  0  0  2/2    18:58   0:34   0:00 
John Klingberg           0  1  1  -2  0   0  1  0  0  0  0/0    23:37   0:00   1:23 
Lucas Wallmark           0  0  0   1  0   0  0  0  0  0  11/21  19:12   0:00   1:46 
Mark Giordano            0  0  0  -2  0   0  1  0  0  0  0/0    25:30   0:00   2:32 
Patrice Bergeron         1  0  1  -2  0   11 1  1  0  0  18/32  19:53   0:34   0:00 
Paul Byron               0  1  1   1  0   1  0  0  0  0  1/1    17:26   0:00   0:00 
Ryan Ellis               0  1  1  -1  0   1  0  1  0  0  0/0    22:06   0:34   1:26 
Shea Weber               0  1  1   0  2   0  2  4  0  0  0/0    19:24   0:34   1:12 
Tage Thompson            0  0  0  -1  0   0  1  0  0  0  0/0     5:43   0:00   0:00 
Tom Pyatt                0  0  0  -1  0   0  0  1  0  0  2/5     5:43   0:00   0:00 
Zach Aston-Reese         0  0  0   1  0   0  3  0  0  0  0/0    17:16   0:00   2:12 
Zachary Sanford          0  0  0  -1  0   1  0  0  0  0  0/0     5:43   0:00   0:00 

Players Stats for SAN DIEGO THUNDER

Player Name              G  A  P  +/- PIM S  H  SB GA TA FO     MP     PP MP  PK MP  
------------------------------------------------------------------------------------
Alexander Edler          0  0  0   0  0   3  2  1  0  0  0/0    27:09   2:25   0:18 
Bo Horvat                0  2  2   0  0   1  0  0  0  0  12/17  20:09   1:36   0:14 
Charles McAvoy           0  1  1   1  0   0  2  0  0  0  0/0    21:03   2:25   0:16 
Connor Murphy            0  0  0   0  0   3  2  1  0  0  0/0    16:35   0:21   0:00 
David Perron             0  0  0  -1  0   1  1  0  0  0  0/0    19:28   1:36   0:00 
Dominik Kahun            1  1  2   2  0   1  0  0  0  0  1/3    14:16   0:21   0:14 
Drake Batherson          0  0  0   0  0   1  0  0  0  0  3/5     4:10   0:00   0:00 
Evander Kane             1  1  2   0  0   1  3  0  0  0  1/4    21:50   2:01   0:20 
James Neal               0  0  0   1  0   0  0  0  0  0  0/1     9:09   0:00   0:00 
Jared McCann             0  1  1   2  2   0  0  0  0  0  0/0    13:02   0:00   0:00 
Jean-Gabriel Pageau      0  1  1   1  0   2  1  0  0  0  5/7     5:28   0:00   0:00 
Josh Anderson            0  0  0  -1  0   1  3  0  0  0  0/0    20:14   2:22   0:00 
Josh Manson              0  0  0   1  0   1  0  2  0  0  0/0    23:10   0:00   0:18 
Matt Benning             0  0  0   0  0   0  1  0  0  0  0/0    16:42   1:12   0:00 
Mikael Granlund          0  0  0  -1  0   4  2  1  0  0  14/31  23:34   2:22   0:00 
Nikita Kucherov          2  1  3   1  0   8  1  1  0  0  0/10   25:02   1:36   0:00 
Pierre-Edouard Bellemare 0  1  1   1  0   0  0  0  0  0  1/2     9:29   0:00   0:20 
Radko Gudas              1  0  1   1  0   1  2  1  0  0  0/0    18:34   1:33   0:16 

3 Stars

1 - Nikita Kucherov (SDG)
2 - Artemi Panarin (COL)
3 - Dominik Kahun (SDG)

Power Play

COLORADO GLACIERCATS - 1 on 1 Attempt(s) - 100,00%
SAN DIEGO THUNDER - 0 on 2 Attempt(s) - 0,00%

Penalty Kill

COLORADO GLACIERCATS - 2 on 2 Attempt(s) - 100,00% - Score 0 goal in Penalty Kill
SAN DIEGO THUNDER - 0 on 1 Attempt(s) - 0,00% - Score 0 goal in Penalty Kill

Team Stat

COLORADO GLACIERCATS - Hits : 15 - Faceoff Wins : 43 - Blocked Shots : 10 - Penalty Minutes : 4
SAN DIEGO THUNDER - Hits : 20 - Faceoff Wins : 37 - Blocked Shots : 7 - Penalty Minutes : 2

Official

Referees : Mike Langin and Mike Leggo
Linesman : Brian MacDonald and Fraser McIntyre

Game Notes

Jean-Gabriel Pageau is injured at 4:05 of 2nd period (Strained Right Elbow)
Drake Batherson is injured at 9:48 of 2nd period (Right Leg)

Finance

Level 1 -- Attendance: 5624 (89,70%) -- Ticket Income 731 120 $
Level 2 -- Attendance: 4027 (75,70%) -- Ticket Income 362 430 $
Level 3 -- Attendance: 1823 (87,22%) -- Ticket Income 109 380 $
Level 4 -- Attendance: 2776 (64,26%) -- Ticket Income 138 800 $
Luxury Box -- Attendance: 908 (90,80%) -- Ticket Income 217 920 $
Total Attendance: 15158 (79,78%)
Total Ticket Income: 1 559 650 $
Other Income: 499 088 $
Total Income: 2 058 738 $

COLORADO GLACIERCATS

5 vs 5 Forward 
   Center                   Left Wing                Right Wing               Time % Phy DF OF 
 1 Patrice Bergeron         Devin Shore              Joe Pavelski             35     0   2  3  
 2 Lucas Wallmark           Artemi Panarin           Paul Byron               35     0   2  3  
 3 Jay Beagle               Carl Hagelin             Zach Aston-Reese         25     0   2  3  
 4 Tom Pyatt                Zachary Sanford          Tage Thompson            5      0   1  4  

5 vs 5 Defense 
   Defense                  Defense                                           Time % Phy DF OF 
 1 Ryan Ellis               Mark Giordano                                     35     0   2  3  
 2 John Klingberg           Shea Weber                                        33     0   2  3  
 3 Ben Lovejoy              Ilya Lyubushkin                                   20     0   4  1  
 4 Mark Giordano            John Klingberg                                    12     0   1  4  

PowerPlay Forward 
   Center                   Left Wing                Right Wing               Time % Phy DF OF 
 1 Patrice Bergeron         Artemi Panarin           Joe Pavelski             60     0   1  4  
 2 Lucas Wallmark           Zach Aston-Reese         Paul Byron               40     0   1  4  

PowerPlay Defense
   Defense                  Defense                                           Time % Phy DF OF 
 1 Mark Giordano            John Klingberg                                    60     0   0  5  
 2 Shea Weber               Ryan Ellis                                        40     0   1  4  

Penalty Kill 4 Players Forward 
   Center                   Wing                     Time % Phy DF OF 
 1 Lucas Wallmark           Devin Shore              50     0   3  2  
 2 Jay Beagle               Zach Aston-Reese         50     0   3  2  

Penalty Kill 4 Players Defense
   Defense                  Defense                  Time % Phy DF OF 
 1 Mark Giordano            Shea Weber               50     0   4  1  
 2 Ben Lovejoy              Ryan Ellis               50     0   4  1  

Penalty Kill - 3 Players Forward 
   Forward                                           Time % Phy DF OF 
 1 Joe Pavelski                                      55     0   5  0  
 2 Patrice Bergeron                                  45     0   5  0  

Penalty Kill - 3 Players Defense
   Defense                  Defense                  Time % Phy DF OF 
 1 Mark Giordano            Shea Weber               50     0   5  0  
 2 Ryan Ellis               Ben Lovejoy              50     0   5  0  

4 vs 4 Forward 
   Center                   Wing                     Time % Phy DF OF 
 1 Patrice Bergeron         Artemi Panarin           50     0   1  4  
 2 Lucas Wallmark           Joe Pavelski             50     0   1  4  

4 vs 4 Defense
   Defense                  Defense                  Time % Phy DF OF 
 1 Shea Weber               Mark Giordano            50     0   3  2  
 2 John Klingberg           Ryan Ellis               50     0   3  2  

Last Minutes Offensive
   Center                   Left Wing                Right Wing               Defense                  Defense                  
   Patrice Bergeron         Artemi Panarin           Joe Pavelski             John Klingberg           Mark Giordano            

Last Minutes Defensive
   Center                   Left Wing                Right Wing               Defense                  Defense                  
   Patrice Bergeron         Zach Aston-Reese         Joe Pavelski             Mark Giordano            Ryan Ellis               

Goaltenders
Starting : Pekka Rinne              
Backup : David Rittich            

Extra Forwards
Normal : Artemi Panarin, Patrice Bergeron, Joe Pavelski - PP : Artemi Panarin, Joe Pavelski - PK : Zach Aston-Reese
Extra Defensemen
Normal : John Klingberg, Ryan Ellis, Mark Giordano - PP : Mark Giordano - PK : John Klingberg, Ilya Lyubushkin
Penalty Shots
Artemi Panarin, Patrice Bergeron, Joe Pavelski, Devin Shore, Paul Byron
Custom OT Lines Forwards
Artemi Panarin, Patrice Bergeron, Joe Pavelski, Carl Hagelin, Lucas Wallmark, Paul Byron, Devin Shore, Zach Aston-Reese, Jay Beagle, Zachary Sanford
Custom OT Lines Defensemen
Mark Giordano, Ryan Ellis, Shea Weber, John Klingberg, Ben Lovejoy

Scratches
Jordan Staal (Lower Body Injury), Brayden Schenn (Separated Right Shoulder Injury), Etienne Marcoux (Healthy)

SAN DIEGO THUNDER

5 vs 5 Forward 
   Center                   Left Wing                Right Wing               Time % Phy DF OF 
 1 Bo Horvat                Evander Kane             Nikita Kucherov          36     0   1  4  
 2 Mikael Granlund          David Perron             Josh Anderson            31     0   1  4  
 3 Jean-Gabriel Pageau      Jared McCann             Dominik Kahun            23     1   1  3  
 4 Drake Batherson          Pierre-Edouard Bellemare James Neal               10     1   2  2  

5 vs 5 Defense 
   Defense                  Defense                                           Time % Phy DF OF 
 1 Charles McAvoy           Alexander Edler                                   36     1   2  2  
 2 Josh Manson              Radko Gudas                                       31     1   2  2  
 3 Matt Benning             Connor Murphy                                     23     1   2  2  
 4 Josh Manson              Alexander Edler                                   10     1   2  2  

PowerPlay Forward 
   Center                   Left Wing                Right Wing               Time % Phy DF OF 
 1 Bo Horvat                David Perron             Nikita Kucherov          55     0   0  5  
 2 Mikael Granlund          Evander Kane             Josh Anderson            45     0   0  5  

PowerPlay Defense
   Defense                  Defense                                           Time % Phy DF OF 
 1 Alexander Edler          Charles McAvoy                                    55     1   2  2  
 2 Matt Benning             Radko Gudas                                       45     1   2  2  

Penalty Kill 4 Players Forward 
   Center                   Wing                     Time % Phy DF OF 
 1 Jean-Gabriel Pageau      Evander Kane             55     1   3  1  
 2 Jared McCann             Pierre-Edouard Bellemare 45     1   3  1  

Penalty Kill 4 Players Defense
   Defense                  Defense                  Time % Phy DF OF 
 1 Alexander Edler          Josh Manson              55     1   2  2  
 2 Charles McAvoy           Radko Gudas              45     1   2  2  

Penalty Kill - 3 Players Forward 
   Forward                                           Time % Phy DF OF 
 1 Pierre-Edouard Bellemare                          55     1   2  2  
 2 Jean-Gabriel Pageau                               45     1   2  2  

Penalty Kill - 3 Players Defense
   Defense                  Defense                  Time % Phy DF OF 
 1 Alexander Edler          Josh Manson              55     1   2  2  
 2 Connor Murphy            Radko Gudas              45     1   2  2  

4 vs 4 Forward 
   Center                   Wing                     Time % Phy DF OF 
 1 Nikita Kucherov          Mikael Granlund          55     1   2  2  
 2 David Perron             Jared McCann             45     1   2  2  

4 vs 4 Defense
   Defense                  Defense                  Time % Phy DF OF 
 1 Alexander Edler          Josh Manson              55     1   2  2  
 2 Charles McAvoy           Radko Gudas              45     1   2  2  

Last Minutes Offensive
   Center                   Left Wing                Right Wing               Defense                  Defense                  
   Mikael Granlund          David Perron             Nikita Kucherov          Alexander Edler          Charles McAvoy           

Last Minutes Defensive
   Center                   Left Wing                Right Wing               Defense                  Defense                  
   Mikael Granlund          Pierre-Edouard Bellemare Nikita Kucherov          Alexander Edler          Josh Manson              

Goaltenders
Starting : Connor Hellebuyck        
Backup : Laurent Brossoit         

Extra Forwards
Normal : Nikita Kucherov, Evander Kane, Mikael Granlund - PP : Nikita Kucherov, Evander Kane - PK : Pierre-Edouard Bellemare
Extra Defensemen
Normal : Alexander Edler, Charles McAvoy, Josh Manson - PP : Alexander Edler - PK : Josh Manson, Radko Gudas
Penalty Shots
Nikita Kucherov, Mikael Granlund, David Perron, Evander Kane, Josh Anderson
Custom OT Lines Forwards
Nikita Kucherov, Mikael Granlund, Evander Kane, Bo Horvat, David Perron, Jared McCann, Josh Anderson, Dominik Kahun, Jean-Gabriel Pageau, Pierre-Edouard Bellemare
Custom OT Lines Defensemen
Alexander Edler, Charles McAvoy, Josh Manson, Radko Gudas, Connor Murphy

Scratches
None


% Time on Ice - COLORADO GLACIERCATS

Lines # - Real PCT - Wanted PCT - Time Play
Normal Forward
1 - 31% - 35% - 17:15
2 - 31% - 35% - 17:26
3 - 27% - 25% - 15:04
4 - 10% - 5% - 5:43
Normal Defense
1 - 32% - 35% - 17:44
2 - 31% - 33% - 17:18
3 - 26% - 20% - 14:17
4 - 11% - 12% - 6:09
PP Forward
1 - 100% - 60% - 0:34
2 - 0% - 40% - 0:00
PP Defense
1 - 0% - 60% - 0:00
2 - 100% - 40% - 0:34
PK Forward
1 - 45% - 50% - 1:46
2 - 55% - 50% - 2:12
PK Defense
1 - 64% - 50% - 2:32
2 - 36% - 50% - 1:26
PK3 Forward
1 - 0% - 55%
2 - 0% - 45%
PK3 Defense
1 - 0% - 50%
2 - 0% - 50%
44 Forward
1 - 0% - 50%
2 - 0% - 50%
44 Defense
1 - 0% - 50%
2 - 0% - 50%
Last Minute Offensive  - 0:00
Last Minute Defensive  - 0:00
Total
Forward - 60:00
Defense - 60:00

% Time on Ice - SAN DIEGO THUNDER

Lines # - Real PCT - Wanted PCT - Time Play
Normal Forward
1 - 28% - 36% - 15:24
2 - 32% - 31% - 17:52
3 - 24% - 23% - 13:03
4 - 16% - 10% - 9:09
Normal Defense
1 - 31% - 36% - 17:06
2 - 30% - 31% - 16:45
3 - 28% - 23% - 15:30
4 - 11% - 10% - 6:07
PP Forward
1 - 40% - 55% - 1:36
2 - 60% - 45% - 2:22
PP Defense
1 - 61% - 55% - 2:25
2 - 39% - 45% - 1:33
PK Forward
1 - 100% - 55% - 0:34
2 - 0% - 45% - 0:00
PK Defense
1 - 53% - 55% - 0:18
2 - 47% - 45% - 0:16
PK3 Forward
1 - 0% - 55%
2 - 0% - 45%
PK3 Defense
1 - 0% - 55%
2 - 0% - 45%
44 Forward
1 - 0% - 55%
2 - 0% - 45%
44 Defense
1 - 0% - 55%
2 - 0% - 45%
Last Minute Offensive  - 0:00
Last Minute Defensive  - 0:00
Total
Forward - 60:00
Defense - 60:00

Play-by-Play

1st period


0:01 of 1st period - Bo Horvat wins face-off versus Patrice Bergeron in neutral zone.
0:04 of 1st period - Ryan Ellis is hit by Evander Kane and loses puck.
0:11 of 1st period - Charles McAvoy is hit by Joe Pavelski and loses puck.
0:22 of 1st period - Shot by Devin Shore.
0:22 of 1st period - Stopped by Connor Hellebuyck without a rebound.
0:23 of 1st period - Lucas Wallmark wins face-off versus Mikael Granlund in SAN DIEGO THUNDER zone.
0:58 of 1st period - Shot by Mikael Granlund.
0:58 of 1st period - Shot Misses the Net.
1:00 of 1st period - Shot by Josh Manson.
1:00 of 1st period - Stopped by Pekka Rinne without a rebound.
1:01 of 1st period - Jay Beagle wins face-off versus Dominik Kahun in COLORADO GLACIERCATS zone.
1:24 of 1st period - Shot by Dominik Kahun.
1:24 of 1st period - Shot Misses the Net.
1:32 of 1st period - Shot by Jean-Gabriel Pageau.
1:32 of 1st period - Shot Misses the Net.
1:34 of 1st period - Shot by Jean-Gabriel Pageau.
1:34 of 1st period - Shot Misses the Net.
1:36 of 1st period - Shot by Connor Murphy.
1:36 of 1st period - Stopped by Pekka Rinne without a rebound.
1:37 of 1st period - Bo Horvat wins face-off versus Patrice Bergeron in COLORADO GLACIERCATS zone.
1:40 of 1st period - Shot by Nikita Kucherov.
1:40 of 1st period - Goal by Nikita Kucherov - COLORADO GLACIERCATS : 0 - SAN DIEGO THUNDER : 1.
1:41 of 1st period - Patrice Bergeron wins face-off versus Drake Batherson in neutral zone.
2:05 of 1st period - Icing by Ryan Ellis.
2:06 of 1st period - Bo Horvat wins face-off versus Patrice Bergeron in COLORADO GLACIERCATS zone.
2:33 of 1st period - Shot by Patrice Bergeron.
2:33 of 1st period - Deflect By Devin Shore.
2:33 of 1st period - Stopped by Connor Hellebuyck without a rebound.
2:34 of 1st period - Mikael Granlund wins face-off versus Lucas Wallmark in SAN DIEGO THUNDER zone.
2:47 of 1st period - Shot by Alexander Edler.
2:47 of 1st period - Stopped by Pekka Rinne without a rebound.
2:48 of 1st period - Tom Pyatt wins face-off versus Nikita Kucherov in COLORADO GLACIERCATS zone.
2:59 of 1st period - Bo Horvat is hit by Ilya Lyubushkin and loses puck.
3:30 of 1st period - Shot by Bo Horvat.
3:30 of 1st period - Shot Misses the Net.
3:49 of 1st period - Mikael Granlund is hit by Ilya Lyubushkin and loses puck.
4:02 of 1st period - Shot by Josh Anderson.
4:02 of 1st period - Shot Blocked by Ben Lovejoy.
4:04 of 1st period - Shot by Alexander Edler.
4:04 of 1st period - Stopped by Pekka Rinne with a rebound.
4:06 of 1st period - Shot by Mikael Granlund.
4:06 of 1st period - Stopped by Pekka Rinne without a rebound.
4:07 of 1st period - Jean-Gabriel Pageau wins face-off versus Lucas Wallmark in COLORADO GLACIERCATS zone.
4:08 of 1st period - Shot by Jared McCann.
4:08 of 1st period - Shot Blocked by Shea Weber.
4:13 of 1st period - Artemi Panarin is hit by Jean-Gabriel Pageau and loses puck.
4:17 of 1st period - Shea Weber is hit by Matt Benning and loses puck.
4:34 of 1st period - Shot by Artemi Panarin.
4:34 of 1st period - Shot Misses the Net.
4:36 of 1st period - Shot by Lucas Wallmark.
4:36 of 1st period - Shot Misses the Net.
6:09 of 1st period - Icing by Josh Manson.
6:10 of 1st period - Bo Horvat wins face-off versus Patrice Bergeron in SAN DIEGO THUNDER zone.
6:21 of 1st period - Shot by Evander Kane.
6:21 of 1st period - Shot Misses the Net.
6:49 of 1st period - Shot by Bo Horvat.
6:49 of 1st period - Stopped by Pekka Rinne without a rebound.
6:50 of 1st period - Drake Batherson wins face-off versus Tom Pyatt in COLORADO GLACIERCATS zone.
6:59 of 1st period - Shot by Drake Batherson.
6:59 of 1st period - Stopped by Pekka Rinne with a rebound.
7:09 of 1st period - Shot by Zachary Sanford.
7:09 of 1st period - Stopped by Connor Hellebuyck with a rebound.
7:11 of 1st period - Shot by Ilya Lyubushkin.
7:11 of 1st period - Stopped by Connor Hellebuyck with a rebound.
7:22 of 1st period - Zachary Sanford is hit by Charles McAvoy.
7:46 of 1st period - Shot by Jean-Gabriel Pageau.
7:46 of 1st period - Stopped by Pekka Rinne without a rebound.
7:47 of 1st period - Patrice Bergeron wins face-off versus Mikael Granlund in COLORADO GLACIERCATS zone.
8:08 of 1st period - Shot by Patrice Bergeron.
8:08 of 1st period - Stopped by Connor Hellebuyck without a rebound.
8:09 of 1st period - Lucas Wallmark wins face-off versus Bo Horvat in SAN DIEGO THUNDER zone.
8:36 of 1st period - Shot by Nikita Kucherov.
8:36 of 1st period - Stopped by Pekka Rinne with a rebound.
8:38 of 1st period - Shot by Radko Gudas.
8:38 of 1st period - Deflect By Bo Horvat.
8:38 of 1st period - Shot Blocked by Shea Weber.
8:40 of 1st period - Shot by Evander Kane.
8:40 of 1st period - Shot Blocked by Shea Weber.
8:42 of 1st period - Shot by Nikita Kucherov.
8:42 of 1st period - Stopped by Pekka Rinne without a rebound.
8:43 of 1st period - Jay Beagle wins face-off versus Jean-Gabriel Pageau in COLORADO GLACIERCATS zone.
8:50 of 1st period - Jared McCann is hit by Zach Aston-Reese and loses puck.
9:01 of 1st period - Shot by Dominik Kahun.
9:01 of 1st period - Shot Blocked by Ryan Ellis.
9:03 of 1st period - Shot by Alexander Edler.
9:03 of 1st period - Stopped by Pekka Rinne without a rebound.
9:04 of 1st period - Patrice Bergeron wins face-off versus Mikael Granlund in COLORADO GLACIERCATS zone.
9:10 of 1st period - Patrice Bergeron is hit by Connor Murphy and loses puck.
9:28 of 1st period - Shot by Joe Pavelski.
9:28 of 1st period - Stopped by Connor Hellebuyck without a rebound.
9:29 of 1st period - Bo Horvat wins face-off versus Jay Beagle in SAN DIEGO THUNDER zone.
9:29 of 1st period - Bo Horvat is hit by Zach Aston-Reese.
10:11 of 1st period - Shot by Ryan Ellis.
10:11 of 1st period - Stopped by Connor Hellebuyck without a rebound.
10:12 of 1st period - Jean-Gabriel Pageau wins face-off versus Lucas Wallmark in SAN DIEGO THUNDER zone.
10:35 of 1st period - Icing by Connor Murphy.
10:36 of 1st period - Patrice Bergeron wins face-off versus Jean-Gabriel Pageau in SAN DIEGO THUNDER zone.
10:38 of 1st period - Joe Pavelski is hit by Connor Murphy and loses puck.
10:47 of 1st period - Shot by Jared McCann.
10:47 of 1st period - Shot Blocked by Joe Pavelski.
10:49 of 1st period - Shot by Connor Murphy.
10:49 of 1st period - Stopped by Pekka Rinne without a rebound.
10:50 of 1st period - Lucas Wallmark wins face-off versus Mikael Granlund in COLORADO GLACIERCATS zone.
12:00 of 1st period - Shot by Nikita Kucherov.
12:00 of 1st period - Shot Misses the Net.
12:15 of 1st period - Mark Giordano is hit by Evander Kane and loses puck.
12:19 of 1st period - Icing by Mark Giordano.
12:20 of 1st period - Jean-Gabriel Pageau wins face-off versus Lucas Wallmark in COLORADO GLACIERCATS zone.
12:45 of 1st period - Shot by Jared McCann.
12:45 of 1st period - Shot Misses the Net.
12:53 of 1st period - Shot by Jared McCann.
12:53 of 1st period - Deflect By Dominik Kahun.
12:53 of 1st period - Goal by Dominik Kahun - COLORADO GLACIERCATS : 0 - SAN DIEGO THUNDER : 2.
12:54 of 1st period - Mikael Granlund wins face-off versus Patrice Bergeron in neutral zone.
12:54 of 1st period - David Perron is hit by Patrice Bergeron and loses puck.
13:40 of 1st period - Josh Anderson is hit by Ilya Lyubushkin and loses puck.
13:58 of 1st period - Ryan Ellis is hit by Radko Gudas and loses puck.
15:36 of 1st period - Off-side.
15:37 of 1st period - Jean-Gabriel Pageau wins face-off versus Patrice Bergeron in neutral zone.
16:31 of 1st period - Icing by Ryan Ellis.
16:32 of 1st period - Mikael Granlund wins face-off versus Lucas Wallmark in COLORADO GLACIERCATS zone.
16:35 of 1st period - Shot by David Perron.
16:35 of 1st period - Shot Misses the Net.
16:37 of 1st period - Shot by Connor Murphy.
16:37 of 1st period - Stopped by Pekka Rinne without a rebound.
16:38 of 1st period - Mikael Granlund wins face-off versus Jay Beagle in COLORADO GLACIERCATS zone.
17:01 of 1st period - Shot by Ryan Ellis.
17:01 of 1st period - Deflect By Carl Hagelin.
17:01 of 1st period - Shot Blocked by Mikael Granlund.
17:37 of 1st period - Icing by Artemi Panarin.
17:38 of 1st period - Bo Horvat wins face-off versus Lucas Wallmark in COLORADO GLACIERCATS zone.
17:42 of 1st period - Nikita Kucherov is hit by John Klingberg and loses puck.
18:55 of 1st period - Shot by Joe Pavelski.
18:55 of 1st period - Shot Misses the Net.
19:04 of 1st period - Joe Pavelski is hit by Charles McAvoy and loses puck.
19:15 of 1st period - Shot by Patrice Bergeron.
19:15 of 1st period - Stopped by Connor Hellebuyck without a rebound.
19:16 of 1st period - Jay Beagle wins face-off versus James Neal in SAN DIEGO THUNDER zone.
19:16 of 1st period - Jay Beagle is hit by Radko Gudas.
19:20 of 1st period - Shot by Mark Giordano.
19:20 of 1st period - Shot Misses the Net.
Goals for this period are 0 for COLORADO GLACIERCATS vs 2 for SAN DIEGO THUNDER.
Shots for this period are 8 for COLORADO GLACIERCATS vs 15 for SAN DIEGO THUNDER.

2nd period


0:01 of 2nd period - Patrice Bergeron wins face-off versus Bo Horvat in neutral zone.
2:51 of 2nd period - Shot by Jean-Gabriel Pageau.
2:51 of 2nd period - Stopped by Pekka Rinne without a rebound.
2:52 of 2nd period - Patrice Bergeron wins face-off versus Pierre-Edouard Bellemare in COLORADO GLACIERCATS zone.
3:11 of 2nd period - Shot by Patrice Bergeron.
3:11 of 2nd period - Stopped by Connor Hellebuyck without a rebound.
3:12 of 2nd period - Bo Horvat wins face-off versus Lucas Wallmark in SAN DIEGO THUNDER zone.
3:49 of 2nd period - Shot by Artemi Panarin.
3:49 of 2nd period - Goal by Artemi Panarin - COLORADO GLACIERCATS : 1 - SAN DIEGO THUNDER : 2.
3:50 of 2nd period - Patrice Bergeron wins face-off versus Mikael Granlund in neutral zone.
4:03 of 2nd period - Shot by Patrice Bergeron.
4:03 of 2nd period - Stopped by Connor Hellebuyck without a rebound.
4:04 of 2nd period - Jean-Gabriel Pageau wins face-off versus Jay Beagle in SAN DIEGO THUNDER zone.
4:04 of 2nd period - Jean-Gabriel Pageau is hit by Zach Aston-Reese.
4:05 of 2nd period - Jean-Gabriel Pageau from SAN DIEGO THUNDER is injured at 4:05 of 2nd period (Strained Right Elbow).
4:06 of 2nd period - Patrice Bergeron wins face-off versus Mikael Granlund in SAN DIEGO THUNDER zone.
4:21 of 2nd period - Shot by Patrice Bergeron.
4:21 of 2nd period - Shot Misses the Net.
4:23 of 2nd period - Shot by Mark Giordano.
4:23 of 2nd period - Shot Misses the Net.
4:25 of 2nd period - Shot by Mark Giordano.
4:25 of 2nd period - Shot Misses the Net.
4:29 of 2nd period - Shot by Patrice Bergeron.
4:29 of 2nd period - Shot Misses the Net.
4:56 of 2nd period - Patrice Bergeron is hit by David Perron and loses puck.
6:33 of 2nd period - Shot by Carl Hagelin.
6:33 of 2nd period - Goal by Carl Hagelin - COLORADO GLACIERCATS : 2 - SAN DIEGO THUNDER : 2.
6:34 of 2nd period - Tom Pyatt wins face-off versus Drake Batherson in neutral zone.
7:38 of 2nd period - Shot by Mikael Granlund.
7:38 of 2nd period - Stopped by Pekka Rinne without a rebound.
7:39 of 2nd period - Drake Batherson wins face-off versus Patrice Bergeron in COLORADO GLACIERCATS zone.
8:27 of 2nd period - Shot by Patrice Bergeron.
8:27 of 2nd period - Shot Blocked by Josh Manson.
9:46 of 2nd period - Shot by Artemi Panarin.
9:46 of 2nd period - Stopped by Connor Hellebuyck without a rebound.
9:47 of 2nd period - Drake Batherson wins face-off versus Tom Pyatt in SAN DIEGO THUNDER zone.
9:47 of 2nd period - Drake Batherson is hit by Tage Thompson.
9:48 of 2nd period - Drake Batherson from SAN DIEGO THUNDER is injured at 9:48 of 2nd period (Right Leg).
9:49 of 2nd period - Patrice Bergeron wins face-off versus Nikita Kucherov in SAN DIEGO THUNDER zone.
9:50 of 2nd period - Shot by Joe Pavelski.
9:50 of 2nd period - Shot Misses the Net.
10:00 of 2nd period - Shot by Nikita Kucherov.
10:00 of 2nd period - Shot Blocked by Shea Weber.
10:02 of 2nd period - Shot by Pierre-Edouard Bellemare.
10:02 of 2nd period - Shot Blocked by Joe Pavelski.
10:04 of 2nd period - Shot by Nikita Kucherov.
10:04 of 2nd period - Goal by Nikita Kucherov - COLORADO GLACIERCATS : 2 - SAN DIEGO THUNDER : 3.
10:05 of 2nd period - Lucas Wallmark wins face-off versus Mikael Granlund in neutral zone.
10:17 of 2nd period - Artemi Panarin is hit by Alexander Edler and loses puck.
10:21 of 2nd period - Icing by Alexander Edler.
10:22 of 2nd period - Mikael Granlund wins face-off versus Patrice Bergeron in SAN DIEGO THUNDER zone.
10:26 of 2nd period - Off-side.
10:27 of 2nd period - Patrice Bergeron wins face-off versus Nikita Kucherov in neutral zone.
10:38 of 2nd period - Shot by Joe Pavelski.
10:38 of 2nd period - Shot Misses the Net.
10:46 of 2nd period - Shot by Patrice Bergeron.
10:46 of 2nd period - Stopped by Connor Hellebuyck without a rebound.
10:47 of 2nd period - Mikael Granlund wins face-off versus Lucas Wallmark in SAN DIEGO THUNDER zone.
11:06 of 2nd period - Shot by Artemi Panarin.
11:06 of 2nd period - Goal by Artemi Panarin - COLORADO GLACIERCATS : 3 - SAN DIEGO THUNDER : 3.
11:07 of 2nd period - Bo Horvat wins face-off versus Patrice Bergeron in neutral zone.
11:31 of 2nd period - Icing by Evander Kane.
11:32 of 2nd period - Bo Horvat wins face-off versus Jay Beagle in SAN DIEGO THUNDER zone.
11:36 of 2nd period - Icing by Nikita Kucherov.
11:37 of 2nd period - Bo Horvat wins face-off versus Jay Beagle in SAN DIEGO THUNDER zone.
11:50 of 2nd period - Shot by Zach Aston-Reese.
11:50 of 2nd period - Shot Blocked by Radko Gudas.
12:17 of 2nd period - Icing by John Klingberg.
12:18 of 2nd period - Mikael Granlund wins face-off versus Jay Beagle in COLORADO GLACIERCATS zone.
12:21 of 2nd period - Shot by Mikael Granlund.
12:21 of 2nd period - Stopped by Pekka Rinne without a rebound.
12:22 of 2nd period - Patrice Bergeron wins face-off versus Mikael Granlund in COLORADO GLACIERCATS zone.
12:22 of 2nd period - Patrice Bergeron is hit by Josh Anderson.
12:43 of 2nd period - David Perron is hit by Mark Giordano and loses puck.
12:54 of 2nd period - Patrice Bergeron is hit by Mikael Granlund and loses puck.
13:31 of 2nd period - Paul Byron is hit by Josh Anderson and loses puck.
13:44 of 2nd period - Shot by Shea Weber.
13:44 of 2nd period - Shot Hit the Post.
13:55 of 2nd period - David Perron is hit by Shea Weber and loses puck.
14:23 of 2nd period - Icing by Charles McAvoy.
14:24 of 2nd period - Mikael Granlund wins face-off versus Jay Beagle in SAN DIEGO THUNDER zone.
14:24 of 2nd period - Mikael Granlund is hit by Jay Beagle.
14:27 of 2nd period - Icing by Alexander Edler.
14:28 of 2nd period - Mikael Granlund wins face-off versus Jay Beagle in SAN DIEGO THUNDER zone.
14:38 of 2nd period - Icing by Mark Giordano.
14:39 of 2nd period - Jay Beagle wins face-off versus Nikita Kucherov in COLORADO GLACIERCATS zone.
15:13 of 2nd period - Shot by Carl Hagelin.
15:13 of 2nd period - Stopped by Connor Hellebuyck without a rebound.
15:14 of 2nd period - Patrice Bergeron wins face-off versus Nikita Kucherov in SAN DIEGO THUNDER zone.
15:25 of 2nd period - Shot by Patrice Bergeron.
15:25 of 2nd period - Stopped by Connor Hellebuyck with a rebound.
15:37 of 2nd period - Shot by Patrice Bergeron.
15:37 of 2nd period - Stopped by Connor Hellebuyck without a rebound.
15:38 of 2nd period - Lucas Wallmark wins face-off versus Evander Kane in SAN DIEGO THUNDER zone.
16:17 of 2nd period - Shot by Jared McCann.
16:17 of 2nd period - Shot Misses the Net.
16:51 of 2nd period - Shot by Patrice Bergeron.
16:51 of 2nd period - Shot Hit the Post.
17:15 of 2nd period - Shot by Joe Pavelski.
17:15 of 2nd period - Deflect By Patrice Bergeron.
17:15 of 2nd period - Shot Blocked by Connor Murphy.
17:17 of 2nd period - Shot by Joe Pavelski.
17:17 of 2nd period - Shot Misses the Net.
17:29 of 2nd period - Icing by Jay Beagle.
17:30 of 2nd period - Carl Hagelin wins face-off versus Mikael Granlund in COLORADO GLACIERCATS zone.
18:10 of 2nd period - Shot by Mikael Granlund.
18:10 of 2nd period - Shot Misses the Net.
18:18 of 2nd period - Jay Beagle is hit by Josh Anderson and loses puck.
Goals for this period are 3 for COLORADO GLACIERCATS vs 1 for SAN DIEGO THUNDER.
Shots for this period are 10 for COLORADO GLACIERCATS vs 4 for SAN DIEGO THUNDER.

3rd period


0:01 of 3rd period - Bo Horvat wins face-off versus Patrice Bergeron in neutral zone.
0:10 of 3rd period - Shot by Bo Horvat.
0:10 of 3rd period - Shot Misses the Net.
0:36 of 3rd period - Shot by Patrice Bergeron.
0:36 of 3rd period - Shot Hit the Post.
0:38 of 3rd period - Shot by Patrice Bergeron.
0:38 of 3rd period - Stopped by Connor Hellebuyck without a rebound.
0:39 of 3rd period - Dominik Kahun wins face-off versus Lucas Wallmark in SAN DIEGO THUNDER zone.
0:50 of 3rd period - Shot by Mikael Granlund.
0:50 of 3rd period - Stopped by Pekka Rinne with a rebound.
1:14 of 3rd period - Icing by Ben Lovejoy.
1:15 of 3rd period - Lucas Wallmark wins face-off versus Evander Kane in COLORADO GLACIERCATS zone.
1:15 of 3rd period - Lucas Wallmark is hit by Evander Kane.
1:22 of 3rd period - Paul Byron is hit by Alexander Edler.
1:24 of 3rd period - Shot by Artemi Panarin.
1:24 of 3rd period - Shot Misses the Net.
1:53 of 3rd period - Shot by Nikita Kucherov.
1:53 of 3rd period - Shot Misses the Net.
2:23 of 3rd period - Shot by Joe Pavelski.
2:23 of 3rd period - Shot Misses the Net.
2:47 of 3rd period - Shot by Carl Hagelin.
2:47 of 3rd period - Stopped by Connor Hellebuyck without a rebound.
2:48 of 3rd period - Mikael Granlund wins face-off versus Tom Pyatt in SAN DIEGO THUNDER zone.
3:11 of 3rd period - Shot by David Perron.
3:11 of 3rd period - Stopped by Pekka Rinne without a rebound.
3:12 of 3rd period - Lucas Wallmark wins face-off versus Dominik Kahun in COLORADO GLACIERCATS zone.
3:12 of 3rd period - Artemi Panarin is hit by Mikael Granlund and loses puck.
3:21 of 3rd period - Minor Penalty to Jared McCann for Cross-checking.
3:22 of 3rd period - Pierre-Edouard Bellemare wins face-off versus Patrice Bergeron in SAN DIEGO THUNDER zone.
3:37 of 3rd period - Shot by Joe Pavelski.
3:37 of 3rd period - Shot Misses the Net.
3:55 of 3rd period - Shot by Patrice Bergeron.
3:55 of 3rd period - Goal by Patrice Bergeron - COLORADO GLACIERCATS : 4 - SAN DIEGO THUNDER : 3.
3:56 of 3rd period - Mikael Granlund wins face-off versus Jay Beagle in neutral zone.
4:29 of 3rd period - Shot by Josh Anderson.
4:29 of 3rd period - Stopped by Pekka Rinne without a rebound.
4:30 of 3rd period - Patrice Bergeron wins face-off versus Nikita Kucherov in COLORADO GLACIERCATS zone.
5:01 of 3rd period - Shot by Patrice Bergeron.
5:01 of 3rd period - Shot Misses the Net.
6:07 of 3rd period - Shot by Alexander Edler.
6:07 of 3rd period - Shot Misses the Net.
6:22 of 3rd period - Icing by Shea Weber.
6:23 of 3rd period - Lucas Wallmark wins face-off versus Nikita Kucherov in COLORADO GLACIERCATS zone.
7:10 of 3rd period - Off-side.
7:11 of 3rd period - Patrice Bergeron wins face-off versus Evander Kane in neutral zone.
7:38 of 3rd period - Shot by Joe Pavelski.
7:38 of 3rd period - Shot Misses the Net.
8:10 of 3rd period - Off-side.
8:11 of 3rd period - Lucas Wallmark wins face-off versus Nikita Kucherov in neutral zone.
8:11 of 3rd period - Lucas Wallmark is hit by Nikita Kucherov.
9:56 of 3rd period - Icing by Connor Murphy.
9:57 of 3rd period - Joe Pavelski wins face-off versus Mikael Granlund in SAN DIEGO THUNDER zone.
10:04 of 3rd period - Shot by Joe Pavelski.
10:04 of 3rd period - Stopped by Connor Hellebuyck without a rebound.
10:05 of 3rd period - Bo Horvat wins face-off versus Patrice Bergeron in SAN DIEGO THUNDER zone.
10:25 of 3rd period - Shot by Patrice Bergeron.
10:25 of 3rd period - Stopped by Connor Hellebuyck with a rebound.
10:45 of 3rd period - Shot by Evander Kane.
10:45 of 3rd period - Deflect By Nikita Kucherov.
10:45 of 3rd period - Stopped by Pekka Rinne without a rebound.
10:45 of 3rd period - Minor Penalty to Ilya Lyubushkin for Cross-checking.
10:46 of 3rd period - Jay Beagle wins face-off versus Mikael Granlund in COLORADO GLACIERCATS zone.
11:10 of 3rd period - Evander Kane is hit by Shea Weber and loses puck.
12:42 of 3rd period - Icing by Mikael Granlund.
12:43 of 3rd period - Lucas Wallmark wins face-off versus Mikael Granlund in SAN DIEGO THUNDER zone.
13:31 of 3rd period - Shot by Lucas Wallmark.
13:31 of 3rd period - Shot Blocked by Alexander Edler.
13:33 of 3rd period - Shot by Artemi Panarin.
13:33 of 3rd period - Deflect By Paul Byron.
13:33 of 3rd period - Stopped by Connor Hellebuyck with a rebound.
13:35 of 3rd period - Shot by Paul Byron.
13:35 of 3rd period - Shot Blocked by Josh Manson.
13:43 of 3rd period - Shot by Paul Byron.
13:43 of 3rd period - Shot Misses the Net.
14:37 of 3rd period - Shot by Patrice Bergeron.
14:37 of 3rd period - Stopped by Connor Hellebuyck with a rebound.
15:03 of 3rd period - Shot by Mikael Granlund.
15:03 of 3rd period - Shot Misses the Net.
15:25 of 3rd period - Shot by Zach Aston-Reese.
15:25 of 3rd period - Shot Misses the Net.
15:42 of 3rd period - Icing by Mikael Granlund.
15:43 of 3rd period - Lucas Wallmark wins face-off versus Mikael Granlund in SAN DIEGO THUNDER zone.
16:15 of 3rd period - Icing by Nikita Kucherov.
16:16 of 3rd period - Patrice Bergeron wins face-off versus Nikita Kucherov in SAN DIEGO THUNDER zone.
16:17 of 3rd period - Shot by Joe Pavelski.
16:17 of 3rd period - Stopped by Connor Hellebuyck without a rebound.
16:18 of 3rd period - Patrice Bergeron wins face-off versus Nikita Kucherov in SAN DIEGO THUNDER zone.
16:23 of 3rd period - Shot by Joe Pavelski.
16:23 of 3rd period - Shot Misses the Net.
16:34 of 3rd period - Minor Penalty to Shea Weber for Hooking.
16:35 of 3rd period - Jay Beagle wins face-off versus Bo Horvat in COLORADO GLACIERCATS zone.
17:01 of 3rd period - Icing by Alexander Edler.
17:02 of 3rd period - Jay Beagle wins face-off versus Bo Horvat in SAN DIEGO THUNDER zone.
17:24 of 3rd period - Off-side.
17:25 of 3rd period - Mikael Granlund wins face-off versus Lucas Wallmark in neutral zone.
17:25 of 3rd period - Evander Kane is hit by Devin Shore and loses puck.
17:38 of 3rd period - Off-side.
17:39 of 3rd period - Jay Beagle wins face-off versus Mikael Granlund in neutral zone.
18:04 of 3rd period - SAN DIEGO THUNDER, Connor Hellebuyck is pulled from the net.
18:50 of 3rd period - Shot by Nikita Kucherov.
18:50 of 3rd period - Deflect By Dominik Kahun.
18:50 of 3rd period - Shot Blocked by Tom Pyatt.
18:52 of 3rd period - Shot by Nikita Kucherov.
18:52 of 3rd period - Stopped by Pekka Rinne with a rebound.
19:00 of 3rd period - Shot by Nikita Kucherov.
19:00 of 3rd period - Stopped by Pekka Rinne with a rebound.
19:06 of 3rd period - Shot by Nikita Kucherov.
19:06 of 3rd period - Shot Misses the Net.
19:08 of 3rd period - Shot by Radko Gudas.
19:08 of 3rd period - Goal by Radko Gudas - COLORADO GLACIERCATS : 4 - SAN DIEGO THUNDER : 4.
19:08 of 3rd period - Connor Hellebuyck from SAN DIEGO THUNDER was sent back in the game.
19:09 of 3rd period - Evander Kane wins face-off versus Jay Beagle in neutral zone.
19:39 of 3rd period - Shot by Carl Hagelin.
19:39 of 3rd period - Stopped by Connor Hellebuyck without a rebound.
19:40 of 3rd period - Paul Byron wins face-off versus Mikael Granlund in SAN DIEGO THUNDER zone.
Goals for this period are 1 for COLORADO GLACIERCATS vs 1 for SAN DIEGO THUNDER.
Shots for this period are 9 for COLORADO GLACIERCATS vs 7 for SAN DIEGO THUNDER.

Overtime #1


0:01 of 1st overtime period - Patrice Bergeron wins face-off versus Mikael Granlund in neutral zone.
0:30 of 1st overtime period - Shot by Patrice Bergeron.
0:30 of 1st overtime period - Shot Blocked by Nikita Kucherov.
0:32 of 1st overtime period - Shot by Artemi Panarin.
0:32 of 1st overtime period - Shot Misses the Net.
0:38 of 1st overtime period - Shot by Artemi Panarin.
0:38 of 1st overtime period - Stopped by Connor Hellebuyck without a rebound.
0:39 of 1st overtime period - Joe Pavelski wins face-off versus Bo Horvat in SAN DIEGO THUNDER zone.
0:50 of 1st overtime period - Shot by Bo Horvat.
0:50 of 1st overtime period - Shot Misses the Net.
0:52 of 1st overtime period - Shot by Bo Horvat.
0:52 of 1st overtime period - Shot Misses the Net.
1:06 of 1st overtime period - Shot by Joe Pavelski.
1:06 of 1st overtime period - Shot Hit the Post.
1:22 of 1st overtime period - Shot by Evander Kane.
1:22 of 1st overtime period - Shot Misses the Net.
1:24 of 1st overtime period - Shot by Evander Kane.
1:24 of 1st overtime period - Deflect By Bo Horvat.
1:24 of 1st overtime period - Shot Misses the Net.
1:37 of 1st overtime period - Off-side.
1:38 of 1st overtime period - Mikael Granlund wins face-off versus Patrice Bergeron in neutral zone.
1:45 of 1st overtime period - Shot by Nikita Kucherov.
1:45 of 1st overtime period - Stopped by Pekka Rinne without a rebound.
1:46 of 1st overtime period - Patrice Bergeron wins face-off versus Mikael Granlund in COLORADO GLACIERCATS zone.
2:14 of 1st overtime period - Icing by Alexander Edler.
2:15 of 1st overtime period - Mikael Granlund wins face-off versus Patrice Bergeron in SAN DIEGO THUNDER zone.
2:36 of 1st overtime period - Shot by Nikita Kucherov.
2:36 of 1st overtime period - Shot Misses the Net.
2:42 of 1st overtime period - Shot by Mikael Granlund.
2:42 of 1st overtime period - Shot Blocked by Patrice Bergeron.
2:44 of 1st overtime period - Shot by Nikita Kucherov.
2:44 of 1st overtime period - Shot Misses the Net.
3:10 of 1st overtime period - Shot by Bo Horvat.
3:10 of 1st overtime period - Shot Misses the Net.
3:12 of 1st overtime period - Shot by Evander Kane.
3:12 of 1st overtime period - Goal by Evander Kane - COLORADO GLACIERCATS : 4 - SAN DIEGO THUNDER : 5.
Goals for this period are 0 for COLORADO GLACIERCATS vs 1 for SAN DIEGO THUNDER.
Shots for this period are 1 for COLORADO GLACIERCATS vs 2 for SAN DIEGO THUNDER.


RYAN
NUGENT-HOPKINS
THATCHER
DEMKO
MITCHELL
MARNER

EAST COAST

HOCKEY LEAGUE

  • 13.MAN3PIT5
  • 14.NHW2ATL3
  • 15.PET5WOR4
  • 16.RHI30
  • 17.QUECHI
  • 18.CHALIM
  • 19.TRVLON
  • 20.CHWBAL